 Dungeon Crawl Stone Soup version 0.29-a0-378-gc08b2e8bf8 (webtiles) character file.

Game seed: 5273811299016670637

2669 YayAnonymity the Cleaver (level 9, 0/73 HPs)
             Began as a Hill Orc Fighter on May 5, 2022.
             Was a Believer of Zin.
             Succumbed to a hornet's poison
             ... on level 8 of the Dungeon.
             The game lasted 00:10:30 (8891 turns).

YayAnonymity the Cleaver (Hill Orc Fighter)         Turns: 8891, Time: 00:10:31

Health: 0/73       AC: 22    Str: 23    XL:     9   Next: 63%
Magic:  9/9        EV:  6    Int:  8    God:    Zin [**....]
Gold:   363        SH:  4    Dex: 10    Spells: 8/8 levels left

rFire   . . .      SeeInvis .   a - +1 war axe
rCold   . . .      Faith    .   c - +0 buckler
rNeg    . . .      Spirit   .   v - +0 plate armour
rPois   .          Reflect  .   u - +0 helmet
rElec   .          Harm     .   s - +0 cloak
rCorr   .          Rampage  .   r - +1 pair of gloves
Will    .....                   (no boots)
Stlth   ..........              (no amulet)
HPRegen 0.22/turn               p - +4 ring of protection
MPRegen 0.11/turn               (no ring)

@: mighty, lethally poisoned (0 -> -7)
A: no striking features
a: Renounce Religion, Recite, Vitalisation, Donate Gold


You were on level 8 of the Dungeon.
You worshipped Zin.
Zin was pleased with you.
You visited 2 branches of the dungeon, and saw 9 of its levels.

You collected 403 gold pieces.
You donated 40 gold pieces to Zin.

Inventory:

Hand Weapons
 a - a +1 war axe (weapon)
Missiles
 h - 18 poisoned darts (quivered)
 j - a throwing net
 n - 5 javelins
Armour
 c - a +0 buckler (worn)
 r - a +1 pair of gloves (worn)
 s - a +0 cloak (worn)
 u - a +0 helmet (worn)
 v - a +0 plate armour (worn)
Jewellery
 p - a +4 ring of protection (left hand)
Wands
 o - a wand of polymorph (9)
Scrolls
 f - 2 scrolls of enchant armour
 i - 3 scrolls of immolation
 l - a scroll of teleportation
 y - a scroll of magic mapping
 z - 3 scrolls of fear
Potions
 b - a potion of cancellation {unknown}
 d - 3 potions of heal wounds {unknown}
 e - 4 potions of lignification
 g - 7 potions of resistance
 k - 2 potions of ambrosia
 m - a potion of mutation {unknown}
 q - 2 potions of curing
 t - a potion of degeneration {unknown}


   Skills:
 + Level 4.8 Fighting
 * Level 13.5 Axes
 + Level 2.1 Throwing
 - Level 8.0 Armour
 - Level 3.2 Shields
 + Level 1.1 Invocations


You had 8 spell levels left.
You didn't know any spells.
Your spell library was empty.

Dungeon Overview and Level Annotations

Branches:
Dungeon (8/15)             Temple (1/1) D:7
   Lair: D:8-11

Altars:
Ashenzari
Cheibriados
Dithmenos
Elyvilon
Fedhas
Gozag
Hepliaklqana
Kikubaaqudgha
Makhleb
Nemelex Xobeh
Okawaru
Qazlal
Ru
Sif Muna
Trog
Uskayaw
Vehumet
Wu Jian
Xom
Yredelemnul
Zin

Shops:
D:5 :


Message History

You feel sick. The hornet barely misses you. The hornet stings you.
* * * LOW HITPOINT WARNING * * *
You are more poisoned.
You suddenly lose the ability to move!
* * * LOW HITPOINT WARNING * * *
You feel very sick.
The hornet stings you but does no damage.
* * * LOW HITPOINT WARNING * * *
You feel sick.
The hornet stings you but does no damage. x2
You can move again.
You feel better.
The hornet stings you but does no damage.
You block the hornet's attack.
You feel very mighty all of a sudden.
You feel yourself speed up.
The hornet stings you but does no damage.
The hornet stings you!
* * * LOW HITPOINT WARNING * * *
You feel yourself slow down.
You barely miss the hornet.
The hornet is heavily wounded.
The hornet stings you but does no damage.
The hornet barely misses you.
You closely miss the hornet.
The hornet is heavily wounded.
You feel yourself speed up. The hornet barely misses you.
The hornet stings you!
* * * LOW HITPOINT WARNING * * *
You are lethally poisoned!
You feel yourself slow down.
You hit the hornet.
The hornet is severely wounded.
You feel yourself speed up.
* * * LOW HITPOINT WARNING * * *
You feel very sick. You block the hornet's attack.
The hornet stings you but does no damage.
You miss the hornet.
The hornet is severely wounded.
You die...

#....# ..
..... ...
#....
.$.#.
#...##....
#...#....
#......#
#...#..#
#.)@y..#
#.#.#....#
# #.# ####
#.# #.#
#.# #.#
#.## #.#
#..# #.#
##.# #.#


You could see a hornet.

Vanquished Creatures
  3 yaks (D:5)
  2 water moccasins
  An orc warrior (D:7)
  3 ice beasts
  3 ogres (D:6)
  3 centaurs
  2 phantoms (D:6)
  A kobold brigand (D:8)
  A bullfrog (D:7)
  2 necrophages
  3 wights
  2 electric eels (D:7)
  A jelly (D:7)
  3 hounds
  A gnoll shaman (D:5)
  An orc priest (D:7)
  Crazy Yiuf (D:3)
  An orc wizard (D:7)
  3 iguanas
  8 gnolls
  13 adders
  2 ufetubi
  3 dart slugs
  An orc (D:7)
  3 bats
  5 endoplasms
  A giant cockroach (D:1)
  8 goblins
  9 hobgoblins
  2 jackals (D:4)
  10 kobolds
  A quokka (D:4)
  9 ball pythons
  6 frilled lizards
  3 rats
121 creatures vanquished.

Vanquished Creatures (others)
  12 plants (D:7)
12 creatures vanquished.

Grand Total: 133 creatures vanquished

Notes
Turn   | Place    | Note
-------+----------+-------------------------------------------
     0 | D:1      | YayAnonymity the Hill Orc Fighter began the quest for the
                  | Orb.
     0 | D:1      | Reached XP level 1. HP: 19/19 MP: 1/1
    87 | D:1      | Reached skill level 3 in Axes
   187 | D:1      | Reached XP level 2. HP: 26/26 MP: 2/2
   889 | D:1      | Reached skill level 4 in Axes
   998 | D:1      | Reached XP level 3. HP: 29/31 MP: 3/3
  1416 | D:2      | Found a faded altar of an unknown god.
  1522 | D:2      | Reached XP level 4. HP: 39/39 MP: 4/4
  1638 | D:2      | Reached skill level 5 in Axes
  1953 | D:3      | Found a snail-covered altar of Cheibriados.
  2140 | D:3      | You fall into a shaft and drop 2 floors!
  2140 | D:5      | Entered Level 5 of the Dungeon
  2158 | D:5      | Reached XP level 5. HP: 27/45 MP: 5/5
  2288 | D:4      | Reached skill level 6 in Axes
  2339 | D:5      | Noticed an ice beast
  2359 | D:5      | Killed an ice beast
  2360 | D:5      | Reached skill level 5 in Armour
  2360 | D:5      | Reached XP level 6. HP: 18/51 MP: 6/6
  2623 | D:5      | Found Vaal's Book Emporium.
  2646 | D:5      | Reached skill level 7 in Axes
  3070 | D:5      | Noticed a yak
  3070 | D:5      | Noticed a yak
  3100 | D:5      | Noticed a yak
  3108 | D:5      | Killed a yak
  3109 | D:5      | Reached skill level 8 in Axes
  3109 | D:5      | Reached XP level 7. HP: 31/57 MP: 7/7
  3113 | D:5      | Killed a yak
  3114 | D:5      | Reached skill level 9 in Axes
  3117 | D:5      | Killed a yak
  3502 | D:5      | Reached XP level 8. HP: 64/64 MP: 8/8
  3699 | D:5      | Reached skill level 10 in Axes
  4030 | D:5      | HP: 2/64 [poisoned by a water moccasin]
  4292 | D:6      | Reached skill level 11 in Axes
  4818 | D:4      | Found a shadowy altar of Dithmenos.
  5504 | D:4      | Found an opulent altar of Gozag.
  5505 | D:4      | Found an iron altar of Okawaru.
  5848 | D:3      | Found a bloodstained altar of Trog.
  6205 | D:3      | Found a runed translucent door.
  6206 | D:3      | Noticed Crazy Yiuf
  6214 | D:3      | Killed Crazy Yiuf
  6215 | D:3      | Reached skill level 12 in Axes
  6215 | D:3      | Reached XP level 9. HP: 59/65 MP: 9/9
  6494 | D:6      | Found a shimmering altar of Xom.
  7353 | D:7      | Reached skill level 1 in Throwing
  7473 | D:7      | Reached skill level 13 in Axes
  8005 | D:7      | Found an ornate altar of the Wu Jian Council.
  8043 | D:7      | Found a staircase to the Ecumenical Temple.
  8211 | Temple   | Entered the Ecumenical Temple
  8467 | Temple   | Became a worshipper of Zin the Law-Giver
  8467 | Temple   | Reached * piety under Zin
  8598 | D:7      | Reached ** piety under Zin
  8794 | D:8      | Reached skill level 1 in Invocations
  8867 | D:8      | Noticed a hornet
  8876 | D:8      | Paralysed by a hornet for 1 turns
  8883 | D:8      | Paralysed by a hornet for 3 turns
  8890 | D:8      | HP: 2/73 [poisoned by a hornet]
  8891 | D:8      | Succumbed to a hornet's poison

Illustrated notes

Levels and vault maps discovered:
D:1:      minmay_arrival_loop, layout_basic
D:2:      layout_rooms, ebering_ecumenical_altar_rust, bh_walls_and_bars
D:3:      cheibrodos_old_hovel, layout_loops_cross, amcnicky_altar_gilded,
          lemuel_tele_altar, uniq_crazy_yiuf_cottage
D:4:      layout_gridville, mainiacjoe_overflow_alcove_1,
          nicolae_overflow_hidden_temple
D:5:      layout_rooms, serial_shops, kennysheep_mini_moat,
          minmay_misc_feat_plants, hangedman_decor_growths
D:6:      layout_basic, mainiacjoe_overflow_concentric_impassable,
          nrook_loot_triangle, roderic_lattice_a
D:7:      layout_loops_ring, general_overflow_altar, lemuel_temple_firewalk_b,
          serial_bayou_lake_a
D:8:      layout_basic
Temple:   eino_temple_lava

Skill      XL: |  1  2  3  4  5  6  7  8  9 |
---------------+----------------------------+-----
Axes           | 3 4 5 6 8 9 12 13 | 13.5
Armour         | 4 5 6 7 8 |  8.0
Fighting       | 4 |  4.8
Throwing       | 2 |  2.1
Invocations    | 1 |  1.1
Shields        | |  3.2

Action                   |  1- 3 |  4- 6 |  7- 9 || total
-------------------------+-------+-------+-------++-------
Melee: War axe           |    98 |    99 |   338 ||   535
  Use: Scroll            |       |     7 |     5 ||    12
       Potion            |       |     1 |     3 ||     4
Armor: Scale mail        |    28 |    44 |    77 ||   149
       Plate armour      |       |       |    90 ||    90
Dodge: Dodged            |    51 |    51 |   117 ||   219
Block: Buckler           |    26 |    24 |    62 ||   112

Table legend: (Time is in decaauts)
 A = Elapsed time spent in this place.
 B = Non-inter-level travel time spent in this place.
 C = Inter-level travel time spent in this place.
 D = Time resting spent in this place.
 E = Time spent auto-exploring this place.
 F = Levels seen in this place.
 G = Mean time per level.
                   A        B        C        D        E       F      G
               +--------+--------+--------+--------+--------+-----+--------+
         Total |   8992 |   8378 |    614 |   1691 |   5001 |   9 |  999.1 |
       Dungeon |   8726 |   8120 |    606 |   1691 |   4773 |   8 | 1090.8 |
        Temple |    265 |    257 |      8 |      0 |    228 |   1 |  265.0 |
               +--------+--------+--------+--------+--------+-----+--------+

Top non-repeatable levels by time:
     D:5: 2009 daAuts
     D:7: 1482 daAuts
     D:6: 1278 daAuts
     D:1: 1129 daAuts
     D:4: 992 daAuts
     D:2: 863 daAuts
     D:3: 836 daAuts
  Temple: 265 daAuts
     D:8: 135 daAuts
